Detroit Red Wings vs New York Rangers
Created - Thursday, December 28, 2023 at 06:43
Goals
|
| Detroit Red Wings |
2 |
5 |
0 |
7 |
| New York Rangers |
1 |
2 |
0 |
3 |
|
Shots
|
| Detroit Red Wings |
13 |
21 |
6 |
40 |
| New York Rangers |
12 |
9 |
16 |
37 |
|
1st period
1. Detroit Red Wings , Steven Stamkos 3 (Patrick Kane 4) at 11:07
2. New York Rangers , Pierre-Luc Dubois 3 (Mikael Granlund 5, Cole Caufield 2) at 11:17
3. Detroit Red Wings , Patrick Kane 5 (Alexander Barabanov 4) at 13:35
Penalties :
Semyon Varlamov (DET) for Slashing (Minor) at 13:56 - Mika Zibanejad served the penalty
2nd period
4. Detroit Red Wings , Patrick Kane 6 (Steven Stamkos 4, MacKenzie Weegar 5) at 5:18
5. Detroit Red Wings , Daniel Sprong 2 (Jared McCann 1, Anthony Cirelli 2) at 6:55
6. Detroit Red Wings , Jared McCann 3 (Kevin Shattenkirk 3) at 10:28
7. New York Rangers , Dmitry Kulikov 2 (Pierre-Luc Dubois 3) at 11:04
8. Detroit Red Wings , Mika Zibanejad 4 (Kevin Shattenkirk 4) at 13:00 (PP)
9. New York Rangers , Artemi Panarin 4 (Adam Larsson 3, Nathan MacKinnon 6) at 13:18
10. Detroit Red Wings , Matthew Boldy 2 (Carter Verhaeghe 4) at 15:48
Penalties :
MacKenzie Weegar (DET) for Roughing (Minor) at 0:17, Adam Larsson (NYR) for Slashing (Minor) at 11:39, Jake McCabe (NYR) for Hooking (Minor) at 17:46
3rd period
No Goal
Penalties :
Conor Garland (NYR) for Holding (Minor) at 5:30, Mark Giordano (NYR) for Roughing (Minor) at 10:06
Goalie Stats
Semyon Varlamov (DET), 34 saves from 37 shots - (0.919), W, 5-0-0, 60:00 minutes
Igor Shesterkin (NYR), 33 saves from 40 shots - (0.825), L, 4-3-0, 60:00 minutes
Players Stats for Detroit Red Wings
Player Name G A P +/- PIM S H SB GA TA FO MP PP MP PK MP
------------------------------------------------------------------------------------
Alexander Barabanov 0 1 1 1 0 2 1 0 0 1 0/1 15:54 0:00 0:00
Anthony Cirelli 0 1 1 2 0 0 1 0 0 1 5/13 12:48 0:00 1:54
Arthur Kaliyev 0 0 0 0 0 1 0 0 0 1 0/0 8:41 0:01 0:00
Carter Verhaeghe 0 1 1 0 0 1 2 1 2 0 1/2 15:32 3:15 0:00
Daniel Sprong 1 0 1 2 0 2 1 0 0 1 0/2 15:58 3:50 0:16
Jared McCann 1 1 2 2 0 3 0 0 0 0 0/2 13:58 0:00 2:04
Jonathan Huberdeau 0 0 0 0 0 1 1 0 0 1 0/0 8:34 0:00 0:00
Josh Bailey 0 0 0 0 0 1 0 1 0 0 2/2 11:07 0:13 2:13
Kevin Shattenkirk 0 2 2 -1 0 1 1 2 0 1 0/0 28:00 3:51 1:49
MacKenzie Weegar 0 1 1 -1 2 3 2 4 0 2 0/0 27:20 3:51 1:16
Matthew Boldy 1 0 1 0 0 6 4 0 1 0 0/1 15:39 3:22 0:00
Michael Del Zotto 0 0 0 2 0 0 1 0 0 0 0/0 14:49 3:27 0:46
Mika Zibanejad 1 0 1 0 0 4 1 0 1 1 5/13 17:51 3:23 1:05
Patrick Kane 2 1 3 1 0 7 1 0 1 0 0/4 19:43 3:55 0:00
Philippe Myers 0 0 0 2 0 0 1 1 0 0 0/0 13:12 0:00 2:09
Shayne Gostisbehere 0 0 0 2 0 1 1 0 0 1 0/0 20:37 3:27 1:49
Steven Stamkos 1 1 2 1 0 6 0 2 0 0 13/26 20:12 3:55 0:24
Zach Bogosian 0 0 0 2 0 1 1 3 0 0 0/0 16:06 0:00 0:07
Players Stats for New York Rangers
Player Name G A P +/- PIM S H SB GA TA FO MP PP MP PK MP
------------------------------------------------------------------------------------
Adam Larsson 0 1 1 -1 2 1 1 1 0 0 0/0 22:45 2:35 3:30
Andre Burakovsky 0 0 0 -3 0 2 1 0 0 0 0/0 12:28 1:23 0:00
Artemi Panarin 1 0 1 -1 0 7 0 0 0 0 0/0 18:05 1:57 0:00
Cam Fowler 0 0 0 -1 0 1 0 1 0 1 0/0 16:15 0:00 0:18
Cole Caufield 0 1 1 2 0 2 0 0 0 0 0/0 16:22 2:01 0:02
Conor Garland 0 0 0 -1 2 1 0 0 0 0 0/0 9:04 0:00 2:36
David Kampf 0 0 0 -1 0 0 1 0 0 1 3/5 11:12 0:00 3:41
Dmitry Kulikov 1 0 1 -1 0 1 2 0 0 0 0/0 19:41 0:00 3:15
Filip Chytil 0 0 0 -3 0 1 0 0 0 1 5/6 10:56 0:00 0:00
Gabriel Landeskog 0 0 0 -3 0 3 1 0 0 0 0/0 13:26 2:01 0:00
Jake McCabe 0 0 0 -1 2 2 1 0 0 0 0/0 16:55 0:00 1:27
Mark Giordano 0 0 0 -1 2 1 0 1 0 0 0/0 20:55 1:23 2:51
Mathew Barzal 0 0 0 -1 0 4 1 1 2 1 0/0 19:49 2:35 0:23
Matthew Benning 0 0 0 -1 0 1 1 1 1 1 0/0 19:08 0:00 3:15
Mikael Granlund 0 1 1 2 0 3 1 1 3 0 4/7 19:26 2:01 3:17
Nathan MacKinnon 0 1 1 -1 0 3 4 2 2 0 14/25 18:05 1:57 0:00
Pierre-Luc Dubois 1 1 2 2 0 2 0 1 0 0 14/23 16:57 1:57 0:59
Tyler Motte 0 0 0 -1 0 2 1 0 2 0 0/0 11:09 0:00 3:38
3 Stars
1 - Patrick Kane (DET)
2 - Jared McCann (DET)
3 - Steven Stamkos (DET)
Power Play
Detroit Red Wings - 1 on 4 Attempt(s) - 25.00%
New York Rangers - 0 on 2 Attempt(s) - 0.00%
Penalty Kill
Detroit Red Wings - 2 on 2 Attempt(s) - 100.00%
- Score 0 goal in Penalty Kill
New York Rangers - 3 on 4 Attempt(s) - 75.00%
- Score 0 goal in Penalty Kill
Team Stat
Detroit Red Wings - Hits : 19 - Faceoff Wins : 26 - Blocked Shots : 14 - Penalty Minutes : 4
New York Rangers - Hits : 15 - Faceoff Wins : 40 - Blocked Shots : 9 - Penalty Minutes : 8
Official
Referees : Kevin Pollock and Garrett Rank
Linesman : Brad Kovachik and Derek Amell
Game Notes
No Game Note
Finance
Level 1 -- Attendance: 5789 (96.48%) -- Ticket Income $590,478
Level 2 -- Attendance: 4504 (90.08%) -- Ticket Income $283,752
Level 3 -- Attendance: 2698 (89.93%) -- Ticket Income $110,618
Level 4 -- Attendance: 4791 (95.82%) -- Ticket Income $134,148
Luxury Box -- Attendance: 988 (98.80%) -- Ticket Income $192,660
Game was played at the Madison Square Garden.
Total Attendance: 18770 (93.85%)
Total Ticket Income: $1,311,656
Other Income: $459,080
Total Income: $1,770,736
Detroit Red Wings
5 vs 5 Forward
Center Left Wing Right Wing Time % Phy DF OF
1 Steven Stamkos Alexander Barabanov Patrick Kane 35 1 1 3
2 Mika Zibanejad Carter Verhaeghe Matthew Boldy 30 1 2 2
3 Anthony Cirelli Jared McCann Daniel Sprong 25 1 2 2
4 Josh Bailey Jonathan Huberdeau Arthur Kaliyev 10 1 2 2
5 vs 5 Defense
Defense Defense Time % Phy DF OF
1 Kevin Shattenkirk MacKenzie Weegar 40 1 2 2
2 Zach Bogosian Shayne Gostisbehere 30 1 2 2
3 Philippe Myers Michael Del Zotto 20 3 1 1
4 Kevin Shattenkirk MacKenzie Weegar 10 1 2 2
PowerPlay Forward
Center Left Wing Right Wing Time % Phy DF OF
1 Steven Stamkos Daniel Sprong Patrick Kane 50 1 1 3
2 Mika Zibanejad Carter Verhaeghe Matthew Boldy 50 1 2 2
PowerPlay Defense
Defense Defense Time % Phy DF OF
1 Kevin Shattenkirk MacKenzie Weegar 50 1 2 2
2 Shayne Gostisbehere Michael Del Zotto 50 1 2 2
Penalty Kill 4 Players Forward
Center Wing Time % Phy DF OF
1 Anthony Cirelli Jared McCann 50 2 2 1
2 Mika Zibanejad Josh Bailey 50 2 2 1
Penalty Kill 4 Players Defense
Defense Defense Time % Phy DF OF
1 Philippe Myers MacKenzie Weegar 50 2 2 1
2 Kevin Shattenkirk Shayne Gostisbehere 50 2 2 1
Penalty Kill - 3 Players Forward
Forward Time % Phy DF OF
1 Mika Zibanejad 50 1 2 2
2 Anthony Cirelli 50 1 2 2
Penalty Kill - 3 Players Defense
Defense Defense Time % Phy DF OF
1 Philippe Myers MacKenzie Weegar 50 1 2 2
2 Kevin Shattenkirk Shayne Gostisbehere 50 2 2 1
4 vs 4 Forward
Center Wing Time % Phy DF OF
1 Mika Zibanejad Carter Verhaeghe 60 1 2 2
2 Steven Stamkos Matthew Boldy 40 1 1 3
4 vs 4 Defense
Defense Defense Time % Phy DF OF
1 Kevin Shattenkirk MacKenzie Weegar 60 1 2 2
2 Zach Bogosian Shayne Gostisbehere 40 1 2 2
Last Minutes Offensive
Center Left Wing Right Wing Defense Defense
Mika Zibanejad Steven Stamkos Matthew Boldy Kevin Shattenkirk MacKenzie Weegar
Last Minutes Defensive
Center Left Wing Right Wing Defense Defense
Mika Zibanejad Carter Verhaeghe Matthew Boldy Kevin Shattenkirk MacKenzie Weegar
Goaltenders
Starting : Semyon Varlamov
Backup : Vitek Vanecek
Extra Forwards
Normal : Josh Bailey, Daniel Sprong, Arthur Kaliyev - PP : Josh Bailey, Arthur Kaliyev - PK : Jared McCann
Extra Defensemen
Normal : Philippe Myers, Michael Del Zotto, Kevin Shattenkirk - PP : Michael Del Zotto - PK : Philippe Myers, Michael Del Zotto
Penalty Shots
Mika Zibanejad, Steven Stamkos, Matthew Boldy, Carter Verhaeghe, Jared McCann
New York Rangers
5 vs 5 Forward
Center Left Wing Right Wing Time % Phy DF OF
1 Nathan MacKinnon Artemi Panarin Mathew Barzal 35 0 1 4
2 Pierre-Luc Dubois Cole Caufield Mikael Granlund 30 1 1 3
3 Filip Chytil Andre Burakovsky Gabriel Landeskog 23 1 2 2
4 David Kampf Conor Garland Tyler Motte 12 1 3 1
5 vs 5 Defense
Defense Defense Time % Phy DF OF
1 Cam Fowler Adam Larsson 35 1 2 2
2 Dmitry Kulikov Mark Giordano 33 1 2 2
3 Matthew Benning Jake McCabe 32 1 2 2
4 Cam Fowler Adam Larsson 0 1 2 2
PowerPlay Forward
Center Left Wing Right Wing Time % Phy DF OF
1 Pierre-Luc Dubois Nathan MacKinnon Artemi Panarin 50 0 1 4
2 Mikael Granlund Gabriel Landeskog Cole Caufield 50 0 1 4
PowerPlay Defense
Defense Defense Time % Phy DF OF
1 Mathew Barzal Adam Larsson 60 1 1 3
2 Andre Burakovsky Mark Giordano 40 1 1 3
Penalty Kill 4 Players Forward
Center Wing Time % Phy DF OF
1 David Kampf Tyler Motte 50 1 3 1
2 Mikael Granlund Conor Garland 50 1 3 1
Penalty Kill 4 Players Defense
Defense Defense Time % Phy DF OF
1 Matthew Benning Dmitry Kulikov 50 1 3 1
2 Adam Larsson Mark Giordano 50 1 3 1
Penalty Kill - 3 Players Forward
Forward Time % Phy DF OF
1 Mikael Granlund 50 1 2 2
2 David Kampf 50 1 2 2
Penalty Kill - 3 Players Defense
Defense Defense Time % Phy DF OF
1 Matthew Benning Dmitry Kulikov 50 1 3 1
2 Adam Larsson Mark Giordano 50 1 3 1
4 vs 4 Forward
Center Wing Time % Phy DF OF
1 Nathan MacKinnon Artemi Panarin 50 0 2 3
2 Pierre-Luc Dubois Mathew Barzal 50 0 2 3
4 vs 4 Defense
Defense Defense Time % Phy DF OF
1 Cam Fowler Adam Larsson 50 1 2 2
2 Dmitry Kulikov Mark Giordano 50 1 2 2
Last Minutes Offensive
Center Left Wing Right Wing Defense Defense
Nathan MacKinnon Artemi Panarin Pierre-Luc Dubois Cam Fowler Adam Larsson
Last Minutes Defensive
Center Left Wing Right Wing Defense Defense
David Kampf Tyler Motte Mikael Granlund Dmitry Kulikov Adam Larsson
Goaltenders
Starting : Igor Shesterkin
Backup : Tristan Jarry
Extra Forwards
Normal : Nathan MacKinnon, Pierre-Luc Dubois, Gabriel Landeskog - PP : Gabriel Landeskog, Cole Caufield - PK : David Kampf
Extra Defensemen
Normal : Matthew Benning, Jake McCabe, Dmitry Kulikov - PP : Matthew Benning - PK : Jake McCabe, Dmitry Kulikov
Penalty Shots
Artemi Panarin, Cole Caufield, Pierre-Luc Dubois, Mark Giordano, Nathan MacKinnon
% Time on Ice - Detroit Red Wings
Lines # - Real PCT - Wanted PCT - Time Play
Normal Forward
1 - 33% - 35% - 15:53
2 - 28% - 30% - 13:33
3 - 22% - 25% - 10:44
4 - 18% - 10% - 8:34
Normal Defense
1 - 43% - 40% - 20:43
2 - 31% - 30% - 15:21
3 - 20% - 20% - 9:48
4 - 6% - 10% - 2:52
PP Forward
1 - 54% - 50% - 3:55
2 - 46% - 50% - 3:23
PP Defense
1 - 53% - 50% - 3:51
2 - 47% - 50% - 3:27
PK Forward
1 - 43% - 50% - 1:43
2 - 57% - 50% - 2:15
PK Defense
1 - 54% - 50% - 2:09
2 - 46% - 50% - 1:49
PK3 Forward
1 - 0% - 50%
2 - 0% - 50%
PK3 Defense
1 - 0% - 50%
2 - 0% - 50%
44 Forward
1 - 0% - 60%
2 - 0% - 40%
44 Defense
1 - 0% - 60%
2 - 0% - 40%
Last Minute Offensive - 0:00
Last Minute Defensive - 0:00
Total
Forward - 60:00
Defense - 60:00
|
% Time on Ice - New York Rangers
Lines # - Real PCT - Wanted PCT - Time Play
Normal Forward
1 - 35% - 35% - 17:11
2 - 29% - 30% - 14:09
3 - 22% - 23% - 10:56
4 - 13% - 12% - 6:28
Normal Defense
1 - 35% - 35% - 17:10
2 - 32% - 33% - 15:39
3 - 32% - 32% - 15:28
4 - 1% - 0% - 0:27
PP Forward
1 - 49% - 50% - 1:57
2 - 51% - 50% - 2:01
PP Defense
1 - 65% - 60% - 2:35
2 - 35% - 40% - 1:23
PK Forward
1 - 50% - 50% - 3:38
2 - 50% - 50% - 3:40
PK Defense
1 - 45% - 50% - 3:15
2 - 55% - 50% - 4:03
PK3 Forward
1 - 0% - 50%
2 - 0% - 50%
PK3 Defense
1 - 0% - 50%
2 - 0% - 50%
44 Forward
1 - 0% - 50%
2 - 0% - 50%
44 Defense
1 - 0% - 50%
2 - 0% - 50%
Last Minute Offensive - 0:00
Last Minute Defensive - 0:00
Total
Forward - 60:00
Defense - 60:00
|
Play-by-Play
1st period
0:01 of 1st period - Steven Stamkos wins face-off versus Nathan MacKinnon in neutral zone.
1:14 of 1st period - Snap shot by Filip Chytil.
1:14 of 1st period - Shot Misses the Net.
1:37 of 1st period - Snap shot by Steven Stamkos.
1:37 of 1st period - Shot Misses the Net.
1:43 of 1st period - Wrist shot by Conor Garland.
1:43 of 1st period - Stopped by Semyon Varlamov without a rebound.
1:44 of 1st period - Nathan MacKinnon wins face-off versus Matthew Boldy in Detroit Red Wings zone.
1:55 of 1st period - Backhand shot by Artemi Panarin.
1:55 of 1st period - Shot Blocked by MacKenzie Weegar.
1:57 of 1st period - Slapshot by Matthew Benning.
1:57 of 1st period - Shot Misses the Net.
1:59 of 1st period - Slapshot by Jake McCabe.
1:59 of 1st period - Deflect By Kevin Shattenkirk.
1:59 of 1st period - Stopped by Semyon Varlamov without a rebound.
2:00 of 1st period - Filip Chytil wins face-off versus Daniel Sprong in Detroit Red Wings zone.
4:55 of 1st period - Alexander Barabanov is hit by Tyler Motte and loses puck.
5:02 of 1st period - Snap shot by Tyler Motte.
5:02 of 1st period - Stopped by Semyon Varlamov with a rebound.
5:04 of 1st period - Wrist shot by Conor Garland.
5:04 of 1st period - Shot Blocked by Zach Bogosian.
5:18 of 1st period - Matthew Benning is hit by Anthony Cirelli and loses puck.
5:51 of 1st period - Snap shot by Jared McCann.
5:51 of 1st period - Stopped by Igor Shesterkin without a rebound.
5:52 of 1st period - Steven Stamkos wins face-off versus Nathan MacKinnon in New York Rangers zone.
5:55 of 1st period - Wrist shot by Patrick Kane.
5:55 of 1st period - Shot Misses the Net.
5:57 of 1st period - Slapshot by Patrick Kane.
5:57 of 1st period - Shot Blocked by Adam Larsson.
7:17 of 1st period - Slapshot by Jonathan Huberdeau.
7:17 of 1st period - Shot Misses the Net.
7:19 of 1st period - Snap shot by Jonathan Huberdeau.
7:19 of 1st period - Stopped by Igor Shesterkin with a rebound.
7:21 of 1st period - Snap shot by Josh Bailey.
7:21 of 1st period - Stopped by Igor Shesterkin without a rebound.
7:22 of 1st period - Pierre-Luc Dubois wins face-off versus Mika Zibanejad in New York Rangers zone.
7:32 of 1st period - Slapshot by Matthew Boldy.
7:32 of 1st period - Deflect By Mika Zibanejad.
7:32 of 1st period - Stopped by Igor Shesterkin with a rebound.
7:34 of 1st period - Wrist shot by Kevin Shattenkirk.
7:34 of 1st period - Shot Blocked by Mikael Granlund.
7:36 of 1st period - Slapshot by Kevin Shattenkirk.
7:36 of 1st period - Stopped by Igor Shesterkin without a rebound.
7:37 of 1st period - Filip Chytil wins face-off versus Steven Stamkos in New York Rangers zone.
8:27 of 1st period - Conor Garland is hit by Michael Del Zotto and loses puck.
9:08 of 1st period - Josh Bailey is hit by Mikael Granlund and loses puck.
9:32 of 1st period - Cam Fowler is hit by Mika Zibanejad and loses puck.
10:07 of 1st period - Shayne Gostisbehere is hit by Adam Larsson.
10:43 of 1st period - Snap shot by Matthew Boldy.
10:43 of 1st period - Stopped by Igor Shesterkin without a rebound.
10:44 of 1st period - Mikael Granlund wins face-off versus Carter Verhaeghe in New York Rangers zone.
11:01 of 1st period - Slapshot by Mika Zibanejad.
11:01 of 1st period - Stopped by Igor Shesterkin without a rebound.
11:02 of 1st period - Steven Stamkos wins face-off versus Nathan MacKinnon in New York Rangers zone.
11:07 of 1st period - Wrist shot by Steven Stamkos.
11:07 of 1st period - Goal by Steven Stamkos - Detroit Red Wings : 1 - New York Rangers : 0.
11:08 of 1st period - Pierre-Luc Dubois wins face-off versus Steven Stamkos in neutral zone.
11:13 of 1st period - Wrist shot by Cole Caufield.
11:13 of 1st period - Stopped by Semyon Varlamov with a rebound.
11:17 of 1st period - Wrist shot by Pierre-Luc Dubois.
11:17 of 1st period - Goal by Pierre-Luc Dubois - Detroit Red Wings : 1 - New York Rangers : 1.
11:18 of 1st period - Nathan MacKinnon wins face-off versus Steven Stamkos in neutral zone.
11:23 of 1st period - Wrist shot by Alexander Barabanov.
11:23 of 1st period - Stopped by Igor Shesterkin with a rebound.
11:25 of 1st period - Wrist shot by Alexander Barabanov.
11:25 of 1st period - Shot Misses the Net.
11:27 of 1st period - Backhand shot by MacKenzie Weegar.
11:27 of 1st period - Stopped by Igor Shesterkin with a rebound.
11:29 of 1st period - Slapshot by Steven Stamkos.
11:29 of 1st period - Stopped by Igor Shesterkin with a rebound.
11:31 of 1st period - Wrist shot by Alexander Barabanov.
11:31 of 1st period - Shot Misses the Net.
11:33 of 1st period - Backhand shot by Alexander Barabanov.
11:33 of 1st period - Deflect By Patrick Kane.
11:33 of 1st period - Stopped by Igor Shesterkin without a rebound.
11:34 of 1st period - Pierre-Luc Dubois wins face-off versus Anthony Cirelli in New York Rangers zone.
11:47 of 1st period - Snap shot by Cole Caufield.
11:47 of 1st period - Shot Misses the Net.
11:59 of 1st period - Matthew Benning is hit by Kevin Shattenkirk and loses puck.
12:28 of 1st period - Josh Bailey is hit by Mathew Barzal and loses puck.
13:35 of 1st period - Slapshot by Patrick Kane.
13:35 of 1st period - Goal by Patrick Kane - Detroit Red Wings : 2 - New York Rangers : 1.
13:36 of 1st period - Pierre-Luc Dubois wins face-off versus Steven Stamkos in neutral zone.
13:38 of 1st period - Off-side.
13:39 of 1st period - Pierre-Luc Dubois wins face-off versus Steven Stamkos in neutral zone.
13:44 of 1st period - Snap shot by Pierre-Luc Dubois.
13:44 of 1st period - Stopped by Semyon Varlamov with a rebound.
13:46 of 1st period - Snap shot by Matthew Benning.
13:46 of 1st period - Shot Blocked by Steven Stamkos.
13:48 of 1st period - Snap shot by Pierre-Luc Dubois.
13:48 of 1st period - Shot Blocked by Steven Stamkos.
13:52 of 1st period - Wrist shot by Mikael Granlund.
13:52 of 1st period - Stopped by Semyon Varlamov without a rebound.
13:53 of 1st period - Filip Chytil wins face-off versus Mika Zibanejad in Detroit Red Wings zone.
13:56 of 1st period - Slapshot by Gabriel Landeskog.
13:56 of 1st period - Stopped by Semyon Varlamov without a rebound.
13:56 of 1st period - Minor Penalty to Semyon Varlamov for Slashing.
13:57 of 1st period - Anthony Cirelli wins face-off versus Pierre-Luc Dubois in Detroit Red Wings zone.
14:30 of 1st period - Snap shot by Mikael Granlund.
14:30 of 1st period - Shot Blocked by Philippe Myers.
14:32 of 1st period - Slapshot by Mikael Granlund.
14:32 of 1st period - Deflect By Cole Caufield.
14:32 of 1st period - Shot Misses the Net.
14:32 of 1st period - Puck is out of play.
14:33 of 1st period - Mikael Granlund wins face-off versus Jared McCann in Detroit Red Wings zone.
14:42 of 1st period - Wrist shot by Gabriel Landeskog.
14:42 of 1st period - Shot Misses the Net.
14:44 of 1st period - Slapshot by Mark Giordano.
14:44 of 1st period - Deflect By Gabriel Landeskog.
14:44 of 1st period - Stopped by Semyon Varlamov with a rebound.
14:46 of 1st period - Slapshot by Mikael Granlund.
14:46 of 1st period - Shot Misses the Net.
14:48 of 1st period - Slapshot by Cole Caufield.
14:48 of 1st period - Deflect By Mikael Granlund.
14:48 of 1st period - Shot Blocked by Josh Bailey.
14:48 of 1st period - Puck is out of play.
14:49 of 1st period - Pierre-Luc Dubois wins face-off versus Anthony Cirelli in Detroit Red Wings zone.
14:58 of 1st period - Snap shot by Artemi Panarin.
14:58 of 1st period - Stopped by Semyon Varlamov with a rebound.
15:56 of 1st period - Penalty to Mika Zibanejad is over, Mika Zibanejad is back on ice.
16:34 of 1st period - Conor Garland is hit by MacKenzie Weegar and loses puck.
16:41 of 1st period - MacKenzie Weegar is hit by Matthew Benning.
17:05 of 1st period - Wrist shot by Tyler Motte.
17:05 of 1st period - Stopped by Semyon Varlamov without a rebound.
17:06 of 1st period - Nathan MacKinnon wins face-off versus Steven Stamkos in Detroit Red Wings zone.
17:11 of 1st period - Snap shot by Mathew Barzal.
17:11 of 1st period - Shot Blocked by Zach Bogosian.
17:35 of 1st period - Snap shot by Andre Burakovsky.
17:35 of 1st period - Stopped by Semyon Varlamov with a rebound.
18:59 of 1st period - Matthew Benning is hit by Jonathan Huberdeau and loses puck.
19:14 of 1st period - Snap shot by Mikael Granlund.
19:14 of 1st period - Shot Misses the Net.
19:16 of 1st period - Wrist shot by Cole Caufield.
19:16 of 1st period - Shot Blocked by Zach Bogosian.
19:32 of 1st period - Wrist shot by Mathew Barzal.
19:32 of 1st period - Deflect By Mika Zibanejad.
19:32 of 1st period - Shot Blocked by Carter Verhaeghe.
19:32 of 1st period - Puck is out of play.
19:33 of 1st period - Nathan MacKinnon wins face-off versus Steven Stamkos in Detroit Red Wings zone.
19:40 of 1st period - Steven Stamkos is hit by Nathan MacKinnon and loses puck.
19:52 of 1st period - Alexander Barabanov is hit by Nathan MacKinnon and loses puck.
Goals for this period are 2 for Detroit Red Wings vs 1 for New York Rangers.
Shots for this period are 13 for Detroit Red Wings vs 12 for New York Rangers.
2nd period
0:01 of 2nd period - Pierre-Luc Dubois wins face-off versus Anthony Cirelli in neutral zone.
0:04 of 2nd period - Snap shot by Cole Caufield.
0:04 of 2nd period - Stopped by Semyon Varlamov without a rebound.
0:05 of 2nd period - Anthony Cirelli wins face-off versus Pierre-Luc Dubois in Detroit Red Wings zone.
0:17 of 2nd period - Minor Penalty to MacKenzie Weegar for Roughing.
0:18 of 2nd period - Mikael Granlund wins face-off versus Anthony Cirelli in Detroit Red Wings zone.
0:30 of 2nd period - Off-side.
0:31 of 2nd period - Mika Zibanejad wins face-off versus Pierre-Luc Dubois in neutral zone.
1:05 of 2nd period - Slapshot by Mathew Barzal.
1:05 of 2nd period - Shot Misses the Net.
1:07 of 2nd period - Snap shot by Gabriel Landeskog.
1:07 of 2nd period - Shot Misses the Net.
2:17 of 2nd period - Penalty to MacKenzie Weegar is over, MacKenzie Weegar is back on ice.
3:21 of 2nd period - Filip Chytil is hit by Patrick Kane and loses puck.
3:32 of 2nd period - Conor Garland is hit by MacKenzie Weegar and loses puck.
4:38 of 2nd period - Adam Larsson is hit by Philippe Myers.
5:18 of 2nd period - Slapshot by Patrick Kane.
5:18 of 2nd period - Goal by Patrick Kane - Detroit Red Wings : 3 - New York Rangers : 1.
5:19 of 2nd period - Anthony Cirelli wins face-off versus Pierre-Luc Dubois in neutral zone.
5:32 of 2nd period - Wrist shot by Daniel Sprong.
5:32 of 2nd period - Shot Misses the Net.
5:44 of 2nd period - Alexander Barabanov is hit by Dmitry Kulikov and loses puck.
6:06 of 2nd period - Icing by Mark Giordano.
6:07 of 2nd period - Carter Verhaeghe wins face-off versus Filip Chytil in New York Rangers zone.
6:43 of 2nd period - Snap shot by Matthew Boldy.
6:43 of 2nd period - Stopped by Igor Shesterkin with a rebound.
6:45 of 2nd period - Slapshot by MacKenzie Weegar.
6:45 of 2nd period - Stopped by Igor Shesterkin with a rebound.
6:47 of 2nd period - Wrist shot by Matthew Boldy.
6:47 of 2nd period - Stopped by Igor Shesterkin with a rebound.
6:49 of 2nd period - Slapshot by Kevin Shattenkirk.
6:49 of 2nd period - Deflect By Matthew Boldy.
6:49 of 2nd period - Stopped by Igor Shesterkin without a rebound.
6:50 of 2nd period - Anthony Cirelli wins face-off versus Nathan MacKinnon in New York Rangers zone.
6:55 of 2nd period - Slapshot by Daniel Sprong.
6:55 of 2nd period - Goal by Daniel Sprong - Detroit Red Wings : 4 - New York Rangers : 1.
6:56 of 2nd period - Steven Stamkos wins face-off versus Nathan MacKinnon in neutral zone.
8:14 of 2nd period - Wrist shot by Artemi Panarin.
8:14 of 2nd period - Deflect By Nathan MacKinnon.
8:14 of 2nd period - Shot Misses the Net.
8:14 of 2nd period - Puck is out of play.
8:15 of 2nd period - Nathan MacKinnon wins face-off versus Mika Zibanejad in Detroit Red Wings zone.
8:20 of 2nd period - Wrist shot by Artemi Panarin.
8:20 of 2nd period - Deflect By Nathan MacKinnon.
8:20 of 2nd period - Shot Misses the Net.
8:20 of 2nd period - Puck is out of play.
8:21 of 2nd period - Steven Stamkos wins face-off versus Nathan MacKinnon in Detroit Red Wings zone.
8:21 of 2nd period - Steven Stamkos is hit by Jake McCabe.
8:35 of 2nd period - Wrist shot by Steven Stamkos.
8:35 of 2nd period - Shot Blocked by Nathan MacKinnon.
9:34 of 2nd period - Backhand shot by Steven Stamkos.
9:34 of 2nd period - Shot Misses the Net.
9:36 of 2nd period - Slapshot by Steven Stamkos.
9:36 of 2nd period - Stopped by Igor Shesterkin without a rebound.
9:37 of 2nd period - Nathan MacKinnon wins face-off versus Steven Stamkos in New York Rangers zone.
10:28 of 2nd period - Snap shot by Jared McCann.
10:28 of 2nd period - Goal by Jared McCann - Detroit Red Wings : 5 - New York Rangers : 1.
10:29 of 2nd period - Nathan MacKinnon wins face-off versus Jared McCann in neutral zone.
10:38 of 2nd period - Daniel Sprong is hit by Nathan MacKinnon and loses puck.
11:04 of 2nd period - Slapshot by Dmitry Kulikov.
11:04 of 2nd period - Goal by Dmitry Kulikov - Detroit Red Wings : 5 - New York Rangers : 2.
11:05 of 2nd period - Nathan MacKinnon wins face-off versus Anthony Cirelli in neutral zone.
11:32 of 2nd period - Backhand shot by Patrick Kane.
11:32 of 2nd period - Stopped by Igor Shesterkin without a rebound.
11:33 of 2nd period - Steven Stamkos wins face-off versus Mikael Granlund in New York Rangers zone.
11:36 of 2nd period - Wrist shot by Steven Stamkos.
11:36 of 2nd period - Deflect By Alexander Barabanov.
11:36 of 2nd period - Stopped by Igor Shesterkin without a rebound.
11:37 of 2nd period - Pierre-Luc Dubois wins face-off versus Mika Zibanejad in New York Rangers zone.
11:39 of 2nd period - Minor Penalty to Adam Larsson for Slashing.
11:40 of 2nd period - David Kampf wins face-off versus Steven Stamkos in New York Rangers zone.
12:06 of 2nd period - MacKenzie Weegar is hit by David Kampf and loses puck.
12:27 of 2nd period - Snap shot by Mikael Granlund.
12:27 of 2nd period - Stopped by Semyon Varlamov without a rebound.
12:28 of 2nd period - Steven Stamkos wins face-off versus Mikael Granlund in Detroit Red Wings zone.
12:55 of 2nd period - David Kampf is hit by Matthew Boldy and loses puck.
13:00 of 2nd period - Wrist shot by Mika Zibanejad.
13:00 of 2nd period - Goal by Mika Zibanejad - Detroit Red Wings : 6 - New York Rangers : 2.
13:01 of 2nd period - Nathan MacKinnon wins face-off versus Mika Zibanejad in neutral zone.
13:10 of 2nd period - Snap shot by Artemi Panarin.
13:10 of 2nd period - Stopped by Semyon Varlamov with a rebound.
13:12 of 2nd period - Snap shot by Nathan MacKinnon.
13:12 of 2nd period - Shot Misses the Net.
13:14 of 2nd period - Wrist shot by Artemi Panarin.
13:14 of 2nd period - Stopped by Semyon Varlamov with a rebound.
13:18 of 2nd period - Snap shot by Artemi Panarin.
13:18 of 2nd period - Goal by Artemi Panarin - Detroit Red Wings : 6 - New York Rangers : 3.
13:19 of 2nd period - Nathan MacKinnon wins face-off versus Patrick Kane in neutral zone.
13:22 of 2nd period - Wrist shot by Mathew Barzal.
13:22 of 2nd period - Stopped by Semyon Varlamov with a rebound.
13:32 of 2nd period - Slapshot by Shayne Gostisbehere.
13:32 of 2nd period - Stopped by Igor Shesterkin with a rebound.
13:36 of 2nd period - Snap shot by Patrick Kane.
13:36 of 2nd period - Shot Blocked by Matthew Benning.
13:46 of 2nd period - Artemi Panarin is hit by Zach Bogosian and loses puck.
14:15 of 2nd period - Wrist shot by Artemi Panarin.
14:15 of 2nd period - Shot Misses the Net.
14:25 of 2nd period - Snap shot by Josh Bailey.
14:25 of 2nd period - Shot Blocked by Cam Fowler.
14:27 of 2nd period - Snap shot by Arthur Kaliyev.
14:27 of 2nd period - Stopped by Igor Shesterkin with a rebound.
14:29 of 2nd period - Snap shot by Zach Bogosian.
14:29 of 2nd period - Stopped by Igor Shesterkin without a rebound.
14:30 of 2nd period - Pierre-Luc Dubois wins face-off versus Patrick Kane in New York Rangers zone.
14:43 of 2nd period - Wrist shot by Patrick Kane.
14:43 of 2nd period - Stopped by Igor Shesterkin with a rebound.
14:45 of 2nd period - Snap shot by Patrick Kane.
14:45 of 2nd period - Stopped by Igor Shesterkin with a rebound.
15:01 of 2nd period - Slapshot by Gabriel Landeskog.
15:01 of 2nd period - Stopped by Semyon Varlamov without a rebound.
15:02 of 2nd period - Filip Chytil wins face-off versus Anthony Cirelli in Detroit Red Wings zone.
15:07 of 2nd period - Snap shot by Andre Burakovsky.
15:07 of 2nd period - Stopped by Semyon Varlamov with a rebound.
15:15 of 2nd period - Wrist shot by Jared McCann.
15:15 of 2nd period - Stopped by Igor Shesterkin without a rebound.
15:16 of 2nd period - Pierre-Luc Dubois wins face-off versus Patrick Kane in New York Rangers zone.
15:43 of 2nd period - Andre Burakovsky is hit by Matthew Boldy and loses puck.
15:48 of 2nd period - Slapshot by Matthew Boldy.
15:48 of 2nd period - Goal by Matthew Boldy - Detroit Red Wings : 7 - New York Rangers : 3.
15:49 of 2nd period - Pierre-Luc Dubois wins face-off versus Daniel Sprong in neutral zone.
16:22 of 2nd period - Snap shot by Nathan MacKinnon.
16:22 of 2nd period - Shot Misses the Net.
16:44 of 2nd period - Wrist shot by Matthew Boldy.
16:44 of 2nd period - Stopped by Igor Shesterkin without a rebound.
16:45 of 2nd period - Pierre-Luc Dubois wins face-off versus Mika Zibanejad in New York Rangers zone.
16:45 of 2nd period - Pierre-Luc Dubois is hit by Carter Verhaeghe.
17:09 of 2nd period - Mikael Granlund is hit by Carter Verhaeghe and loses puck.
17:38 of 2nd period - Snap shot by Mika Zibanejad.
17:38 of 2nd period - Stopped by Igor Shesterkin without a rebound.
17:39 of 2nd period - Steven Stamkos wins face-off versus Nathan MacKinnon in New York Rangers zone.
17:44 of 2nd period - Snap shot by Steven Stamkos.
17:44 of 2nd period - Stopped by Igor Shesterkin with a rebound.
17:46 of 2nd period - Minor Penalty to Jake McCabe for Hooking.
17:47 of 2nd period - David Kampf wins face-off versus Steven Stamkos in New York Rangers zone.
19:46 of 2nd period - Penalty to Jake McCabe is over, Jake McCabe is back on ice.
19:56 of 2nd period - Slapshot by Andre Burakovsky.
19:56 of 2nd period - Shot Misses the Net.
19:58 of 2nd period - Slapshot by Adam Larsson.
19:58 of 2nd period - Shot Misses the Net.
Goals for this period are 5 for Detroit Red Wings vs 2 for New York Rangers.
Shots for this period are 21 for Detroit Red Wings vs 9 for New York Rangers.
3rd period
0:01 of 3rd period - Nathan MacKinnon wins face-off versus Steven Stamkos in neutral zone.
0:10 of 3rd period - Snap shot by Mathew Barzal.
0:10 of 3rd period - Stopped by Semyon Varlamov without a rebound.
0:11 of 3rd period - Nathan MacKinnon wins face-off versus Anthony Cirelli in Detroit Red Wings zone.
0:38 of 3rd period - Jared McCann is hit by Gabriel Landeskog and loses puck.
1:07 of 3rd period - Wrist shot by Mikael Granlund.
1:07 of 3rd period - Shot Blocked by Kevin Shattenkirk.
1:09 of 3rd period - Slapshot by Mark Giordano.
1:09 of 3rd period - Stopped by Semyon Varlamov with a rebound.
1:11 of 3rd period - Slapshot by Mikael Granlund.
1:11 of 3rd period - Deflect By Steven Stamkos.
1:11 of 3rd period - Shot Misses the Net.
1:11 of 3rd period - Puck is out of play.
1:12 of 3rd period - Mika Zibanejad wins face-off versus Nathan MacKinnon in Detroit Red Wings zone.
1:21 of 3rd period - Wrist shot by Mathew Barzal.
1:21 of 3rd period - Shot Misses the Net.
1:23 of 3rd period - Snap shot by Nathan MacKinnon.
1:23 of 3rd period - Stopped by Semyon Varlamov with a rebound.
1:25 of 3rd period - Slapshot by Artemi Panarin.
1:25 of 3rd period - Stopped by Semyon Varlamov without a rebound.
1:26 of 3rd period - Nathan MacKinnon wins face-off versus Patrick Kane in Detroit Red Wings zone.
2:22 of 3rd period - Wrist shot by Carter Verhaeghe.
2:22 of 3rd period - Stopped by Igor Shesterkin with a rebound.
2:35 of 3rd period - Wrist shot by Mika Zibanejad.
2:35 of 3rd period - Shot Misses the Net.
2:47 of 3rd period - Slapshot by Adam Larsson.
2:47 of 3rd period - Shot Blocked by MacKenzie Weegar.
3:05 of 3rd period - Snap shot by Cole Caufield.
3:05 of 3rd period - Shot Blocked by Kevin Shattenkirk.
3:07 of 3rd period - Slapshot by Matthew Benning.
3:07 of 3rd period - Shot Misses the Net.
3:09 of 3rd period - Snap shot by Cole Caufield.
3:09 of 3rd period - Deflect By Mikael Granlund.
3:09 of 3rd period - Stopped by Semyon Varlamov with a rebound.
3:11 of 3rd period - Slapshot by Matthew Benning.
3:11 of 3rd period - Stopped by Semyon Varlamov with a rebound.
4:09 of 3rd period - Conor Garland is hit by Shayne Gostisbehere.
4:33 of 3rd period - Snap shot by Steven Stamkos.
4:33 of 3rd period - Shot Blocked by Pierre-Luc Dubois.
4:35 of 3rd period - Snap shot by Steven Stamkos.
4:35 of 3rd period - Shot Misses the Net.
4:37 of 3rd period - Snap shot by Steven Stamkos.
4:37 of 3rd period - Shot Misses the Net.
4:51 of 3rd period - Mathew Barzal is hit by Daniel Sprong and loses puck.
5:30 of 3rd period - Minor Penalty to Conor Garland for Holding.
5:31 of 3rd period - Steven Stamkos wins face-off versus David Kampf in New York Rangers zone.
5:40 of 3rd period - Wrist shot by Daniel Sprong.
5:40 of 3rd period - Deflect By Patrick Kane.
5:40 of 3rd period - Shot Misses the Net.
5:40 of 3rd period - Puck is out of play.
5:41 of 3rd period - Steven Stamkos wins face-off versus David Kampf in New York Rangers zone.
6:12 of 3rd period - Backhand shot by Steven Stamkos.
6:12 of 3rd period - Shot Misses the Net.
6:14 of 3rd period - Slapshot by Michael Del Zotto.
6:14 of 3rd period - Shot Blocked by Mark Giordano.
6:16 of 3rd period - Snap shot by Daniel Sprong.
6:16 of 3rd period - Stopped by Igor Shesterkin without a rebound.
6:17 of 3rd period - Mikael Granlund wins face-off versus Mika Zibanejad in New York Rangers zone.
6:36 of 3rd period - Mikael Granlund is hit by Matthew Boldy.
7:30 of 3rd period - Penalty to Conor Garland is over, Conor Garland is back on ice.
7:43 of 3rd period - Snap shot by Filip Chytil.
7:43 of 3rd period - Stopped by Semyon Varlamov without a rebound.
7:44 of 3rd period - Josh Bailey wins face-off versus Nathan MacKinnon in Detroit Red Wings zone.
7:59 of 3rd period - Snap shot by Mathew Barzal.
7:59 of 3rd period - Stopped by Semyon Varlamov without a rebound.
8:00 of 3rd period - Pierre-Luc Dubois wins face-off versus Mika Zibanejad in Detroit Red Wings zone.
8:27 of 3rd period - Artemi Panarin is hit by Alexander Barabanov and loses puck.
9:15 of 3rd period - Slapshot by Cam Fowler.
9:15 of 3rd period - Stopped by Semyon Varlamov without a rebound.
9:16 of 3rd period - David Kampf wins face-off versus Steven Stamkos in Detroit Red Wings zone.
9:23 of 3rd period - Snap shot by Conor Garland.
9:23 of 3rd period - Deflect By Tyler Motte.
9:23 of 3rd period - Shot Blocked by MacKenzie Weegar.
9:23 of 3rd period - Puck is out of play.
9:24 of 3rd period - Nathan MacKinnon wins face-off versus Steven Stamkos in Detroit Red Wings zone.
9:38 of 3rd period - Patrick Kane is hit by Nathan MacKinnon and loses puck.
10:06 of 3rd period - Minor Penalty to Mark Giordano for Roughing.
10:07 of 3rd period - Mika Zibanejad wins face-off versus Mikael Granlund in New York Rangers zone.
12:06 of 3rd period - Penalty to Mark Giordano is over, Mark Giordano is back on ice.
13:46 of 3rd period - MacKenzie Weegar is hit by Andre Burakovsky and loses puck.
13:59 of 3rd period - Gabriel Landeskog is hit by Matthew Boldy and loses puck.
14:23 of 3rd period - Off-side.
14:24 of 3rd period - Josh Bailey wins face-off versus Pierre-Luc Dubois in neutral zone.
14:54 of 3rd period - Snap shot by Filip Chytil.
14:54 of 3rd period - Shot Misses the Net.
14:56 of 3rd period - Backhand shot by Jake McCabe.
14:56 of 3rd period - Stopped by Semyon Varlamov with a rebound.
15:22 of 3rd period - Icing by Philippe Myers.
15:23 of 3rd period - Steven Stamkos wins face-off versus Nathan MacKinnon in Detroit Red Wings zone.
15:28 of 3rd period - Snap shot by Patrick Kane.
15:28 of 3rd period - Shot Hit the Post.
15:36 of 3rd period - Snap shot by Artemi Panarin.
15:36 of 3rd period - Stopped by Semyon Varlamov without a rebound.
15:37 of 3rd period - Mika Zibanejad wins face-off versus Pierre-Luc Dubois in Detroit Red Wings zone.
16:16 of 3rd period - Backhand shot by Jared McCann.
16:16 of 3rd period - Shot Blocked by Nathan MacKinnon.
17:00 of 3rd period - Off-side.
17:01 of 3rd period - Pierre-Luc Dubois wins face-off versus Alexander Barabanov in neutral zone.
17:30 of 3rd period - Snap shot by Artemi Panarin.
17:30 of 3rd period - Deflect By Nathan MacKinnon.
17:30 of 3rd period - Stopped by Semyon Varlamov with a rebound.
17:32 of 3rd period - Slapshot by Artemi Panarin.
17:32 of 3rd period - Deflect By Mathew Barzal.
17:32 of 3rd period - Stopped by Semyon Varlamov without a rebound.
17:33 of 3rd period - Mika Zibanejad wins face-off versus Nathan MacKinnon in Detroit Red Wings zone.
17:46 of 3rd period - Slapshot by Artemi Panarin.
17:46 of 3rd period - Stopped by Semyon Varlamov with a rebound.
17:48 of 3rd period - Snap shot by Adam Larsson.
17:48 of 3rd period - Shot Blocked by MacKenzie Weegar.
17:50 of 3rd period - Slapshot by Adam Larsson.
17:50 of 3rd period - Stopped by Semyon Varlamov with a rebound.
17:52 of 3rd period - Snap shot by Artemi Panarin.
17:52 of 3rd period - Shot Misses the Net.
17:56 of 3rd period - Snap shot by Nathan MacKinnon.
17:56 of 3rd period - Stopped by Semyon Varlamov with a rebound.
18:10 of 3rd period - Wrist shot by Carter Verhaeghe.
18:10 of 3rd period - Shot Blocked by Mathew Barzal.
18:12 of 3rd period - Slapshot by MacKenzie Weegar.
18:12 of 3rd period - Stopped by Igor Shesterkin with a rebound.
18:31 of 3rd period - Off-side.
18:32 of 3rd period - Steven Stamkos wins face-off versus Pierre-Luc Dubois in neutral zone.
18:35 of 3rd period - Snap shot by Steven Stamkos.
18:35 of 3rd period - Stopped by Igor Shesterkin without a rebound.
18:36 of 3rd period - Steven Stamkos wins face-off versus Pierre-Luc Dubois in New York Rangers zone.
18:51 of 3rd period - Snap shot by Patrick Kane.
18:51 of 3rd period - Stopped by Igor Shesterkin without a rebound.
18:52 of 3rd period - Filip Chytil wins face-off versus Anthony Cirelli in New York Rangers zone.
19:17 of 3rd period - Steven Stamkos is hit by Dmitry Kulikov and loses puck.
19:26 of 3rd period - Wrist shot by Steven Stamkos.
19:26 of 3rd period - Stopped by Igor Shesterkin without a rebound.
19:27 of 3rd period - Anthony Cirelli wins face-off versus Pierre-Luc Dubois in New York Rangers zone.
Goals for this period are 0 for Detroit Red Wings vs 0 for New York Rangers.
Shots for this period are 6 for Detroit Red Wings vs 16 for New York Rangers.
Back to the Top